AoeStats
← HONZAzHOVNA

Arabia

509726636Analyzed
1v1 RM · 4d ago on Sep 27, 2026· 120m 5s· 2 players
Game mode
Random Map
Map size
Tiny (2 player)
Population
200
Speed
Normal
Resources
Standard
Victory
Conquest
Starting age
Dark Age
Ending age
Imperial Age
RankedLock teamsTeams togetherTeam positionsShared explorationLock speedFull tech treeHidden civsTurbo modeCheats
Victory
Defeat
🇨🇿 Mongols · Czechia
443
+16
🇫🇷 Teutons · France
439
-16
pbarnier543
0:29 Loom
13:58 Feudal Age
15:04 Double-Bit Axe
15:57 Wheelbarrow
15:44 Town Watch
17:04 Stone Mining
17:25 Padded Archer Armor
17:25 Fletching
18:50 Gold Mining
18:55 Horse Collar
24:43 Castle Age
23:26 Forging
23:33 Scale Mail Armor
24:03 Scale Barding Armor
25:42 Bow Saw
25:49 Hand Cart
25:03 Elite Skirmisher
27:06 Stone Shaft Mining
27:47 Bloodlines
29:25 Town Patrol
35:10 Imperial Age
33:47 Ballistics
34:02 Ironclad
34:41 Iron Casting
35:22 Masonry
35:13 Cavalier
36:51 Conscription
38:15 Hoardings
38:08 Heavy Plow
39:59 Crenellations
42:38 Blast Furnace
43:15 Chain Barding Armor
43:12 Chain Mail Armor
44:28 Chemistry
44:21 Elite Teutonic Knight
45:52 Plate Mail Armor
47:22 Plate Barding Armor
48:38 Bodkin Arrow
49:00 Leather Archer Armor
50:08 Two-Man Saw
50:10 Crop Rotation
51:10 Ring Archer Armor
50:50 Siege Engineers
52:17 Paladin
53:24 Squires
52:45 Pikeman
53:11 Arson
53:51 Halberdier
114:17 Capped Ram
HONZAzHOVNA
8:01 Loom
11:57 Feudal Age
12:41 Double-Bit Axe
12:56 Horse Collar
16:41 Man-at-Arms
17:38 Bloodlines
18:35 Gold Mining
18:38 Stone Mining
20:41 Forging
20:45 Scale Barding Armor
25:27 Castle Age
26:32 Wheelbarrow
26:57 Chain Barding Armor
27:14 Iron Casting
26:40 Scale Mail Armor
27:43 Squires
27:03 Pikeman
27:50 Husbandry
27:11 Light Cavalry
31:59 Ballistics
31:35 Murder Holes
34:54 Imperial Age
34:22 Hand Cart
34:37 Padded Archer Armor
34:27 Fletching
35:30 Stone Shaft Mining
35:23 Nomads
36:45 Gold Shaft Mining
37:04 Leather Archer Armor
37:51 Blast Furnace
37:37 Bow Saw
37:41 Heavy Plow
38:20 Conscription
38:23 Town Watch
38:49 Heavy Camel Rider
41:26 Chain Mail Armor
41:07 Bodkin Arrow
41:37 Elite Mangudai
43:16 Town Patrol
44:05 Drill
46:03 Onager
47:31 Bracer
48:02 Plate Mail Armor
48:51 Siege Onager
50:48 Chemistry
49:55 Siege Engineers
55:45 Elite Steppe Lancer
57:56 Hussar
64:21 Long Swordsman
64:55 Cavalier
Connection lost

Rejoining the realm…

Still unreachable

The connection could not be restored.

Session expired

The server has moved on; the page needs a fresh start.